General information
- name: BNet
- type: Ladder team game (AT/RT)
- host: Battle.net
- saver: BEAR_AND
map: Avalanche
- players: 4
- length: 34:42
- speed: Fast
- version: 1.21 W3XP
- replay type:

» download(165 KB)
Players
team 1 (loser)
ashooj (
yellow | 63 APM | 2146 actions | 33:50)
4 Demon Hunter
2 Mana Burn
2 Immolation
3 Keeper of the Grove
1 Entangling Roots
2 Force of Nature
1 Priestess of the Moon
1 Scout
» actions
| Assign group hotkey | 45 | |
| Build / train | 114 | |
| Enter build submenu | 20 | |
| Enter hero's abilities submenu | 8 | |
| Give item / drop item | 2 | |
| Remove unit from queue | 6 | |
| Right click | 666 | |
| Select / deselect | 498 | |
| Select group hotkey | 701 | |
| Use ability | 86 | |
2146 total
» units
| Wisp | 23 | |
| Archer | 12 | |
| Huntress | 9 | |
| Hippogryph | 20 | |
| Glaive Thrower | 10 | |
| Chimaera | 9 | |
83 total
» upgrades
| Sentinel | 1 | |
| Hippogryph Taming | 1 | |
| Improved Bows | 1 | |
| Strength of the Moon | 1 | |
| Moon Armor | 1 | |
| Vorpal Blades | 1 | |
| Corrosive Breath | 1 | |
| Nature's Blessing | 1 | |
| Well Spring | 1 | |
| Ultravision | 1 | |
10 total
» buildings
| Moon Well | 8 | |
| Ancient of War | 2 | |
| Altar of Elders | 1 | |
| Hunter's Hall | 1 | |
| Tree of Ages | 1 | |
| Tree of Life | 3 | |
| Ancient of Wonders | 1 | |
| Ancient of Wind | 2 | |
| Tree of Eternity | 1 | |
| Chimaera Roost | 1 | |
21 total
» build order
00:22 Moon Well
00:49 Ancient of War
01:04 Altar of Elders
01:18 Moon Well
02:16 Hunter's Hall
04:18 Moon Well
04:36 Tree of Ages
05:21 Moon Well
06:03 Tree of Life
07:26 Ancient of Wonders
07:31 Ancient of Wind
09:52 Tree of Eternity
10:12 Moon Well
11:11 Moon Well
11:22 Ancient of War
12:33 Chimaera Roost
13:13 Moon Well
19:09 Moon Well
24:56 Ancient of Wind
29:01 Tree of Life
31:43 Tree of Life
» items
| Scroll of Town Portal | 1 | |
| Orb of Venom | 1 | |
2 total
Pirotess (
pink | 57 APM | 1963 actions | 34:40)
4 Demon Hunter
2 Immolation
2 Mana Burn
1 Keeper of the Grove
1 Entangling Roots
» actions
| Assign group hotkey | 27 | |
| Build / train | 101 | |
| ESC pressed | 2 | |
| Enter build submenu | 20 | |
| Enter hero's abilities submenu | 5 | |
| Give item / drop item | 1 | |
| Remove unit from queue | 1 | |
| Right click | 796 | |
| Select / deselect | 417 | |
| Select group hotkey | 534 | |
| Use ability | 59 | |
1963 total
» units
| Wisp | 36 | |
| Archer | 2 | |
| Huntress | 5 | |
| Dryad | 11 | |
| Druid of the Claw | 8 | |
| Glaive Thrower | 7 | |
| Chimaera | 5 | |
| Mountain Giant | 1 | |
75 total
» upgrades
| Strength of the Wild | 3 | |
| Abolish Magic | 1 | |
| Druid of the Claw Training | 2 | |
| Well Spring | 1 | |
| Reinforced Hides | 3 | |
| Ultravision | 1 | |
| Mark of the Claw | 1 | |
| Vorpal Blades | 1 | |
| Corrosive Breath | 1 | |
14 total
» buildings
| Altar of Elders | 1 | |
| Moon Well | 8 | |
| Ancient of War | 1 | |
| Hunter's Hall | 1 | |
| Tree of Ages | 1 | |
| Ancient of Lore | 2 | |
| Tree of Life | 1 | |
| Tree of Eternity | 1 | |
| Ancient of Wind | 1 | |
| Ancient of Wonders | 1 | |
| Chimaera Roost | 1 | |
19 total
» build order
00:11 Altar of Elders
00:15 Moon Well
00:51 Ancient of War
01:27 Moon Well
02:31 Hunter's Hall
02:48 Moon Well
03:59 Tree of Ages
06:18 Moon Well
06:24 Ancient of Lore
06:32 Ancient of Lore
07:12 Moon Well
07:19 Tree of Life
08:41 Tree of Eternity
13:05 Ancient of Wind
15:02 Ancient of Wonders
15:47 Chimaera Roost
19:46 Moon Well
26:00 Moon Well
27:26 Moon Well
» items
| Scroll of Town Portal | 1 | |
| Dust of Appearance | 1 | |
2 total
team 2 (winner)
BEAR_AND (
orange | 125 APM | 4333 actions | 34:42)
9 Blademaster
3 Wind Walk
3 Critical Strike
1 Bladestorm
2 Mirror Image
1 Blood Mage
1 Banish
» actions
| Assign group hotkey | 20 | |
| Basic commands | 8 | |
| Build / train | 109 | |
| Enter build submenu | 62 | |
| Enter hero's abilities submenu | 10 | |
| Remove unit from queue | 1 | |
| Right click | 2753 | |
| Select / deselect | 423 | |
| Select group hotkey | 703 | |
| Use ability | 244 | |
4333 total
» units
| Peon | 20 | |
| Troll Batrider | 35 | |
| Sorceress | 2 | |
57 total
» upgrades
| Ranged Weapons | 3 | |
| Armor | 3 | |
| Liquid Fire | 1 | |
7 total
» buildings
| Altar of Storms | 1 | |
| Orc Burrow | 4 | |
| War Mill | 1 | |
| Watch Tower | 42 | |
| Stronghold | 1 | |
| Voodoo Lounge | 1 | |
| Beastiary | 2 | |
| Fortress | 1 | |
| Great Hall | 1 | |
| Guard Tower | 6 | |
| Town Hall | 1 | |
| Farm | 1 | |
| Scout Tower | 9 | |
71 total
» build order
00:07 Altar of Storms
00:18 Orc Burrow
00:34 War Mill
01:57 Watch Tower
02:15 Watch Tower
02:32 Watch Tower
03:09 Stronghold
03:50 Watch Tower
03:58 Voodoo Lounge
04:05 Watch Tower
04:54 Orc Burrow
04:58 Watch Tower
05:13 Watch Tower
05:43 Beastiary
05:53 Orc Burrow
06:18 Watch Tower
06:27 Beastiary
06:55 Watch Tower
07:22 Watch Tower
08:10 Watch Tower
08:45 Watch Tower
09:34 Watch Tower
09:43 Orc Burrow
10:22 Watch Tower
11:02 Fortress
11:06 Watch Tower
12:53 Great Hall
13:46 Watch Tower
13:58 Watch Tower
14:19 Watch Tower
14:20 Watch Tower
15:15 Watch Tower
15:16 Watch Tower
15:50 Watch Tower
15:51 Watch Tower
17:04 Watch Tower
18:08 Watch Tower
18:09 Watch Tower
18:11 Watch Tower
18:45 Watch Tower
18:45 Watch Tower
19:25 Watch Tower
20:33 Watch Tower
20:35 Watch Tower
20:57 Watch Tower
21:21 Watch Tower
21:37 Watch Tower
22:17 Watch Tower
23:10 Watch Tower
24:40 Guard Tower
24:50 Town Hall
25:42 Watch Tower
25:43 Watch Tower
25:44 Watch Tower
25:45 Watch Tower
25:45 Watch Tower
25:56 Farm
26:13 Guard Tower
26:16 Scout Tower
26:17 Scout Tower
26:18 Scout Tower
26:18 Scout Tower
26:19 Scout Tower
26:19 Scout Tower
26:20 Scout Tower
26:20 Scout Tower
26:21 Scout Tower
26:59 Guard Tower
27:21 Guard Tower
27:55 Guard Tower
28:25 Guard Tower
» items
| Healing Salve | 5 | |
| Lesser Clarity Potion | 17 | |
| Scroll of Town Portal | 1 | |
| Orb of Lightning | 1 | |
24 total
DirtMcGirt (
blue | 52 APM | 1261 actions | 24:16)
3 Blood Mage
2 Flame Strike
1 Banish
» actions
| Assign group hotkey | 6 | |
| Basic commands | 1 | |
| Build / train | 98 | |
| Enter build submenu | 53 | |
| Enter hero's abilities submenu | 3 | |
| Right click | 476 | |
| Select / deselect | 425 | |
| Select group hotkey | 89 | |
| Use ability | 109 | |
1261 total
» units
| Peasant | 15 | |
| Mortar Team | 10 | |
| Sorceress | 1 | |
26 total
» upgrades
| Masonry | 3 | |
| Gunpowder | 3 | |
| Lumber Harvesting | 2 | |
| Flare | 1 | |
| Armor | 2 | |
| Magic Sentry | 1 | |
| Sorceress Training | 1 | |
| Fragmentation Shards | 1 | |
14 total
» buildings
| Altar of Kings | 1 | |
| Farm | 7 | |
| Lumber Mill | 1 | |
| Scout Tower | 66 | |
| Guard Tower | 44 | |
| Keep | 1 | |
| Arcane Vault | 1 | |
| Blacksmith | 1 | |
| Workshop | 1 | |
| Arcane Tower | 1 | |
| Castle | 1 | |
| Arcane Sanctum | 1 | |
126 total
» build order
00:07 Altar of Kings
00:12 Farm
00:16 Lumber Mill
00:41 Farm
00:48 Farm
01:14 Scout Tower
01:41 Scout Tower
01:44 Scout Tower
01:56 Scout Tower
01:58 Guard Tower
02:15 Guard Tower
02:24 Scout Tower
02:25 Guard Tower
02:31 Scout Tower
02:51 Guard Tower
02:56 Scout Tower
03:00 Scout Tower
03:01 Guard Tower
03:57 Guard Tower
04:00 Keep
04:06 Scout Tower
04:09 Scout Tower
04:33 Guard Tower
04:37 Scout Tower
04:38 Guard Tower
04:42 Arcane Vault
04:50 Scout Tower
04:53 Scout Tower
05:05 Blacksmith
05:08 Guard Tower
05:33 Guard Tower
05:35 Scout Tower
05:36 Scout Tower
06:14 Guard Tower
06:19 Scout Tower
06:30 Guard Tower
06:33 Scout Tower
06:37 Workshop
06:49 Guard Tower
06:51 Scout Tower
07:06 Scout Tower
07:07 Guard Tower
07:22 Guard Tower
07:29 Scout Tower
07:33 Arcane Tower
07:35 Scout Tower
07:37 Scout Tower
07:53 Farm
07:54 Farm
07:55 Farm
08:00 Guard Tower
08:05 Scout Tower
08:14 Guard Tower
08:48 Guard Tower
09:22 Guard Tower
09:33 Farm
10:46 Castle
11:23 Arcane Sanctum
11:48 Scout Tower
11:49 Scout Tower
11:50 Scout Tower
11:50 Scout Tower
12:20 Guard Tower
13:11 Guard Tower
13:45 Guard Tower
13:55 Scout Tower
13:56 Scout Tower
13:56 Scout Tower
13:57 Scout Tower
14:23 Guard Tower
14:51 Guard Tower
15:28 Guard Tower
15:40 Scout Tower
15:41 Scout Tower
15:47 Guard Tower
16:35 Guard Tower
16:37 Scout Tower
16:38 Scout Tower
18:16 Guard Tower
18:23 Scout Tower
18:24 Scout Tower
18:25 Scout Tower
18:27 Scout Tower
19:06 Scout Tower
19:08 Scout Tower
19:09 Scout Tower
19:09 Scout Tower
19:11 Guard Tower
19:42 Guard Tower
19:43 Guard Tower
19:48 Guard Tower
19:52 Guard Tower
20:11 Guard Tower
20:16 Scout Tower
20:16 Scout Tower
20:18 Scout Tower
20:19 Scout Tower
20:21 Scout Tower
20:23 Guard Tower
20:29 Guard Tower
20:41 Scout Tower
20:41 Scout Tower
20:43 Scout Tower
20:49 Guard Tower
20:55 Guard Tower
20:59 Scout Tower
21:13 Guard Tower
21:24 Guard Tower
21:30 Guard Tower
21:35 Scout Tower
21:39 Scout Tower
22:13 Guard Tower
22:23 Scout Tower
22:24 Scout Tower
22:32 Scout Tower
22:35 Scout Tower
22:41 Scout Tower
22:59 Scout Tower
23:14 Scout Tower
23:16 Scout Tower
23:18 Guard Tower
23:22 Scout Tower
23:23 Scout Tower
23:30 Guard Tower
23:35 Scout Tower
23:36 Scout Tower
» items
| Scroll of Regeneration | 2 | |
| Lesser Clarity Potion | 2 | |
| Scroll of Town Portal | 2 | |
| Staff of Sanctuary | 1 | |
7 total
Chat log
(00:02 / Allies) BEAR_AND: hell yea
(00:03 / Allies) BEAR_AND: 2x ne
(00:13 / Allies) BEAR_AND: best race to play
(00:14 / Allies) BEAR_AND: imo
(00:17 / Allies) DirtMcGirt: yea
(00:20 / Allies) DirtMcGirt: catas for them suck
(00:24 / Allies) BEAR_AND: glaive
(00:27 / Allies) DirtMcGirt: yea
(00:45 / Allies) BEAR_AND: this map is shit for lumb
(00:49 / Allies) DirtMcGirt: yea
(01:24 / Allies) BEAR_AND: haha really?
(01:25 / Allies) DirtMcGirt: i played with jm the other day
(01:30 / Allies) BEAR_AND: why
(01:32 / Allies) BEAR_AND: lol
(01:33 / Allies) BEAR_AND: hahaha
(01:37 / Allies) DirtMcGirt: hes still terrible
(01:42 / Allies) BEAR_AND: we kick people from clan towa if they play with him now
(01:45 / Allies) BEAR_AND: just fyi
(01:48 / Allies) DirtMcGirt: oh ok
(01:53 / Allies) DirtMcGirt: didnt know till i got on vent midgame
(01:58 / Allies) BEAR_AND: lmao
(02:19 / Allies) BEAR_AND: harangle
(02:41 / Allies) BEAR_AND: well well well
(02:42 / Allies) BEAR_AND: hunts
(02:42 / Allies) DirtMcGirt: lol
(02:44 / Allies) DirtMcGirt: yea
(03:11 / Allies) BEAR_AND: this ownage
(03:14 / Allies) DirtMcGirt: lol
(03:23 / Allies) DirtMcGirt: get out
(03:26 / Allies) BEAR_AND: yea
(03:30 / Allies) BEAR_AND: kill me
(03:44 / Allies) BEAR_AND: th
(03:53 / Allies) DirtMcGirt: lol
(04:02 / Allies) DirtMcGirt: creeps got me
(04:05 / Allies) BEAR_AND: good
(04:11 / Allies) BEAR_AND: yo so we put ads on highper.ch
(04:17 / Allies) DirtMcGirt: lol nice
(04:18 / Allies) BEAR_AND: we're making good money now
(04:21 / Allies) DirtMcGirt: nice
(04:23 / Allies) DirtMcGirt: like profit?
(04:26 / Allies) BEAR_AND: yes
(04:29 / Allies) DirtMcGirt: oh wow
(04:31 / Allies) DirtMcGirt: thats sweet
(04:32 / Allies) BEAR_AND: domain costs $17 a year
(04:38 / Allies) BEAR_AND: and hosting $8 month
(04:41 / Allies) BEAR_AND: we make about 15 a day
(05:31 / Allies) DirtMcGirt: i think blood mage is my fave hero atm
(06:04 / Allies) DirtMcGirt: im gettin morts and flyin machines
(06:07 / Allies) BEAR_AND: ok
(06:08 / Allies) DirtMcGirt: wow
(06:09 / Allies) BEAR_AND: don't get too many gyro
(06:10 / Allies) DirtMcGirt: look at my health lol
(06:12 / Allies) BEAR_AND: i'm get bats
(06:15 / Allies) BEAR_AND: nic
(06:15 / Allies) DirtMcGirt: ok
(06:26 / Allies) DirtMcGirt: i was pushin the envelope on that one
(06:35 / Allies) BEAR_AND: life on the endge
(07:17 / Allies) DirtMcGirt: lol wut they doin
(07:27 / Allies) BEAR_AND: idk
(07:36 / Allies) BEAR_AND: once you got a couple morts let's do the red
(07:43 / Allies) BEAR_AND: lmfao
(07:47 / Allies) BEAR_AND: they in for nastey surprise
(07:57 / Allies) DirtMcGirt: haha yea
(08:22 / Allies) DirtMcGirt: whoop
(08:25 / Allies) DirtMcGirt: forgot about food
(08:28 / Allies) BEAR_AND: let's do it now
(08:31 / Allies) DirtMcGirt: farm almost done
(08:35 / Allies) BEAR_AND: little trolls first
(09:07 / Allies) BEAR_AND: tp
(09:13 / Allies) DirtMcGirt: whoa
(09:14 / Allies) DirtMcGirt: whoo
(09:19 / All) BEAR_AND: ty for free win?
(09:59 / Allies) BEAR_AND: got the hood
(10:07 / Allies) DirtMcGirt: noice
(10:11 / All) BEAR_AND: gg
(10:36 / Allies) BEAR_AND: bears lmao
(10:40 / All) DirtMcGirt: ur tanglin with the new amigo hombre
(10:52 / All) DirtMcGirt: i meant wrong amigo
(12:20 / Allies) BEAR_AND: trolls first
(12:39 / Allies) BEAR_AND: i'l take
(12:40 / Allies) DirtMcGirt: i got this guy lol
(12:54 / Allies) DirtMcGirt: i had to warp u to another dimesnion
(13:17 / Allies) BEAR_AND: flare expos?
(13:23 / Allies) BEAR_AND: lol
(13:29 / Allies) DirtMcGirt: lol
(13:33 / Allies) BEAR_AND: a lil gold please
(13:41 / Allies) BEAR_AND: ty
(14:11 / Allies) DirtMcGirt: get da claws
(14:14 / Allies) BEAR_AND: fucked that up
(14:14 / Allies) DirtMcGirt: nice
(15:36 / All) BEAR_AND: lmao
(15:41 / All) Pirotess: you're so bad
(15:45 / All) BEAR_AND: 1v1?
(15:45 / Allies) DirtMcGirt: pushin my way down
(15:49 / Allies) DirtMcGirt: to the expo
(15:52 / Allies) BEAR_AND: sweet
(16:30 / All) BEAR_AND: ty for level 5
(16:41 / Allies) BEAR_AND: come
(16:47 / Allies) DirtMcGirt: omw
(16:57 / Allies) BEAR_AND: tp
(17:17 / All) BEAR_AND: leave
(17:23 / All) BEAR_AND: noobs lmfao
(17:25 / Allies) BEAR_AND: ty
(18:00 / All) BEAR_AND: LMAO
(18:10 / All) Pirotess: it's funny you think kiting around towers takes skill
(18:20 / All) BEAR_AND: it's funny how You SUCK MY DICK
(18:23 / All) Pirotess: rofl?
(18:26 / All) Pirotess: micro is one unit>
(18:28 / All) Pirotess: good one
(18:29 / All) DirtMcGirt: i mean for u
(18:32 / All) BEAR_AND: check apms after game :)
(18:34 / All) DirtMcGirt: u need micro to beat us
(18:35 / All) Pirotess: newbs are pretty bad
(18:42 / All) BEAR_AND: start spamming now if you want any hope of not looking retarded
(20:07 / All) DirtMcGirt: DAMN
(20:19 / All) BEAR_AND: that's ownage
(20:20 / All) BEAR_AND: gg
(20:25 / Allies) BEAR_AND: lumb?
(20:35 / Allies) BEAR_AND: ty
(20:44 / Allies) BEAR_AND: sight towers at my base & expo please
(20:44 / All) DirtMcGirt: np
(21:05 / Allies) DirtMcGirt: u worried abou invis?
(21:16 / Allies) BEAR_AND: shadowhide
(21:20 / Allies) DirtMcGirt: oooo
(21:27 / Allies) BEAR_AND: don't want some archers getting away till dawn you know
(21:47 / All) BEAR_AND: LOL
(21:50 / All) BEAR_AND: nice work
(21:51 / All) BEAR_AND: good move
(21:59 / Allies) DirtMcGirt: fuuuuck
(22:02 / All) BEAR_AND: ?
(22:02 / Allies) DirtMcGirt: can u spare som lumb
(22:17 / Allies) DirtMcGirt: just temp
(22:18 / Allies) DirtMcGirt: ty
(22:24 / All) BEAR_AND: ty
(22:36 / Allies) DirtMcGirt: np
(22:46 / All) BEAR_AND: leave
(22:48 / All) BEAR_AND: shitnoobs
(22:53 / All) ashooj: u leave
(22:56 / All) ashooj: u cant win
(23:00 / All) BEAR_AND: why would i leave when i'm winning
(23:41 / All) BEAR_AND: so you really think we can't win,.,..?
(23:50 / All) ashooj: no u can't
(23:51 / All) Pirotess: you are so shitty
(23:52 / All) BEAR_AND: lmfao
(23:53 / All) BEAR_AND: LMFAO
(23:58 / All) Pirotess: try pick another hero where you can't harass with no micro
(23:59 / All) Pirotess: zzz
(24:03 / Allies) DirtMcGirt: can i get like 200 gold?
(24:16 / All) ashooj: and then u suck some dick
(28:47 / All) Pirotess: can you leave instead of wasting time
(28:58 / All) BEAR_AND: you may purchase this win for $3
(29:01 / All) BEAR_AND: http://highper.ch/win
(29:08 / All) Pirotess: rofl
(29:12 / All) Pirotess: wow you are funny
(33:52 / All) BEAR_AND: GG
(33:55 / All) BEAR_AND: team shitbits
(33:57 / All) BEAR_AND: lmfao
(33:57 / All) Pirotess: you're shitty
(33:59 / All) BEAR_AND: "you can't win"
(34:02 / All) BEAR_AND: LMAO
(34:03 / All) BEAR_AND: bye
(34:03 / All) BEAR_AND: bye
(34:04 / All) BEAR_AND: bye
(34:05 / All) BEAR_AND: bye
(34:05 / All) BEAR_AND: bye
(34:06 / All) BEAR_AND: bye
(34:06 / All) BEAR_AND: bye
(34:10 / All) BEAR_AND: i beat you 1v2 thanks for free win
(34:14 / All) Pirotess: rofl
(34:22 / All) Pirotess: all you do is hit and run like a pussy ass nigger
(34:27 / All) BEAR_AND: all you do is lose like a noob.
(34:34 / All) Pirotess: zzz, good one chink